 Dungeon Crawl Stone Soup version 0.30.0-20-g3615ddf2f0 (webtiles) character file.

Game seed: 14754640897367829698

30 qw the Shield-Bearer (level 3, -2/23 HPs)
             Began as a Gargoyle Fighter on May 29, 2023.
             Slain by Sigmund
             ... wielding a +0 scythe
              (7 damage)
             ... on level 2 of the Dungeon.
             The game lasted 00:00:23 (852 turns).

qw the Shield-Bearer (Gargoyle Fighter)              Turns: 852, Time: 00:00:24

Health: -2/23      AC: 10    Str: 21    XL:     3   Next: 20%
Magic:  3/3        EV:  9    Int:  8    God:
Gold:   113        SH:  4    Dex:  9    Spells: 2/2 levels left

rFire   . . .        Y - +0 war axe (freeze)
rCold   . . .        c - +0 buckler
rNeg    + . .        b - +0 scale mail
rPois   inf          (no helmet)
rElec   +            (no cloak)
rCorr   .            (no gloves)
SInv    .            (no boots)
Will    .....        (no amulet) Stlth
                     (no ring)
HPRegen 0.23/turn    (no ring)
MPRegen 0.08/turn

%: no passive effects
@: no status effects
A: sickness immunity, AC +3, negative energy resistance 1, electricity
resistance, torment resistance 1, petrification resistance
a: no special abilities


You were on level 2 of the Dungeon.
You visited 1 branch of the dungeon, and saw 2 of its levels.

You collected 113 gold pieces.


Innate Abilities, Weirdness & Mutations

You are immune to sickness and miasma.
Your stone body is resilient. (AC +3)
You are immune to poison.
You resist negative energy. (rN+)
You are resistant to electric shocks. (rElec)
You are resistant to unholy torment.
You are immune to petrification.


   Skills:
 - Level 3.2 Fighting
 + Level 3.2 Axes
 - Level 3.2 Armour
 - Level 3.2 Shields


You had 2 spell levels left.
You didn't know any spells.
Your spell library was empty.

Inventory:

Hand Weapons
 h - a +0 club
 Y - a +0 war axe of freezing (weapon)
Missiles
 f - 5 boomerangs (quivered)
Armour
 b - a +0 scale mail (worn)
 c - a +0 buckler (worn)
Scrolls
 a - a scroll of magic mapping {unknown}
Potions
 d - 2 potions of might
 e - a potion of berserk rage {unknown}
 g - a potion of resistance {unknown}
 j - a potion of haste {unknown}
 k - a potion of brilliance {unknown}
 l - a potion of invisibility {unknown}
 m - a potion of flight {unknown}

Dungeon Overview and Level Annotations

Branches:
Dungeon (2/15)

Altars:

Annotations:
D:2 Sigmund


Message History

You throw a boomerang. The boomerang hits the giant cockroach.
You kill the giant cockroach!
You see here a +0 long sword.
Sigmund the Dreaded comes into view.
He is wielding a +0 scythe.
Sigmund shouts!
Sigmund gestures wildly while chanting.
Sigmund flickers and vanishes!
Deactivating autopickup; reactivate with Ctrl-A.
Enter note:
Enter note: You swing at nothing.
A quokka comes into view.
You throw a boomerang. The boomerang hits the quokka.
The quokka is almost dead.
You throw a boomerang.
The boomerang hits the quokka but does no damage.
The quokka is almost dead.
You throw a boomerang. The boomerang barely misses the quokka.
Something hits you but does no damage. The quokka barely misses you.
Enter note:
Enter note: You closely miss the quokka.
The quokka is almost dead.
The quokka bites you but does no damage.
Something hits you but does no damage.
You closely miss the quokka.
The quokka is almost dead.
The quokka closely misses you. You block the quokka's attack.
Something hits you.
You slash the quokka! You freeze the quokka.
You kill the quokka!
Something hits you.
You swing at nothing.
You swing at nothing.
You hear some strange, mumbled words.
A puff of flame appears from out of thin air!
The puff of flame hits you! Something hits you but does no damage.
You swing at nothing.
Something hits you!
You die...

.# #...........# .#
#.<......##.#
.############......#####
.#..........#.####......
........................
........................
##......................
........................
##########......@.......
#########{..... ......
..... ... .. .


There were no monsters in sight!

Vanquished Creatures
  A worm (D:2)
  A ball python (D:1)
  4 endoplasms (D:1)
  3 giant cockroaches
  3 goblins (D:1)
  2 hobgoblins (D:1)
  2 jackals (D:1)
  2 kobolds (D:1)
  A quokka (D:2)
  A bat (D:1)
  A frilled lizard (D:1)
  2 rats (D:1)
23 creatures vanquished.

Notes
Turn   | Place    | Note
-------+----------+-------------------------------------------
     0 | D:1      | qw the Gargoyle Fighter began the quest for the Orb.
     0 | D:1      | Reached XP level 1. HP: 14/14 MP: 1/1
     0 | D:1      | 0 ||| qw: Version: 0.2-a-101-gf424e7f
     0 | D:1      | 0 ||| qw: Game counter: 306
     0 | D:1      | 0 ||| qw: Always use a shield: true
     0 | D:1      | 0 ||| qw: God list: Okawaru
     0 | D:1      | 0 ||| qw: Allow faded altars: false
     0 | D:1      | 0 ||| qw: Do Orc after D:15 true
     0 | D:1      | 0 ||| qw: Do second Lair branch before Depths: true
     0 | D:1      | 0 ||| qw: Lair rune preference: random
     0 | D:1      | 0 ||| qw: Plans: Normal, Zot:1-4, Slime:5, God:TSO, Crypt,
                  | Tomb, Pan, Hells, Abyss, Win
     0 | D:1      | 0 ||| PLANNING D:1-11
     1 | D:1      | Noticed an electric eel
   135 | D:1      | Reached XP level 2. HP: 19/19 MP: 2/2
   405 | D:1      | 405 ||| Stepping ~*~*~tactically~*~*~ (stealth).
   441 | D:1      | Reached skill level 3 in Axes
   459 | D:1      | Reached XP level 3. HP: 17/23 MP: 3/3
   653 | D:1      | 653 ||| DROPPING ring of magical power.
   654 | D:1      | 654 ||| READING scroll labelled VILORPH DE GUWUU.
   655 | D:1      | 655 ||| READING scroll labelled SUXZUM NIENGOKK.
   656 | D:1      | 656 ||| READING scroll labelled HIEWKO NO EDEQ.
   657 | D:1      | 657 ||| READING scroll labelled OSYADANWUUBO.
   841 | D:2      | Noticed Sigmund
   851 | D:2      | HP: 4/23 [something/puff of flame (10)]
   852 | D:2      | Slain by Sigmund

Levels and vault maps discovered:
D:1:      arrival_aquarium_a, layout_loops_ring
D:2:      minmay_angry_zag, layout_basic,
          hellmonk_ecumenical_altar_inner_sanctum, uniq_sigmund

Skill      XL: |  1  2 |
---------------+-------+-----
Axes           | 2 3 |  3.2
Fighting       | |  3.2
Armour         | |  3.2
Shields        | |  3.2

Action                     || total
---------------------------++-------
  Melee: War axe           ||    52
  Throw: Boomerang         ||    26
    Use: Scroll            ||     4
 Armour: Scale mail        ||    22
  Dodge: Dodged            ||    20
  Block: Buckler           ||     8

Table legend:
 A = Non-vault XP
 B = Vault XP
 C = Vault XP percentage of total XP
 D = Non-vault monster count
 E = Vault monster count
 F = Vault count percentage of total count
                 A         B        C        D         E       F
            +---------+---------+-------+---------+---------+-------
      Total |      44 |       0 |   0.0 |      23 |       0 |   0.0
            +---------+---------+-------+---------+---------+-------
        D:1 |      35 |       0 |   0.0 |      20 |       0 |   0.0
        D:2 |       9 |       0 |   0.0 |       3 |       0 |   0.0
            +---------+---------+-------+---------+---------+-------
